 Dungeon Crawl Stone Soup version 0.24.0-13-gcf9b319 (webtiles) character file.

Game seed: 14407675865985910604, levelgen mode: deterministic

399 Bronimir the Insei (level 6, -2/47 HPs)
             Began as a Gnoll Transmuter on Apr 1, 2020.
             Was an Initiate of Wu Jian.
             Slain by a phantom (4 damage)
             ... on level 5 of the Dungeon on Apr 2, 2020.
             The game lasted 00:13:03 (3983 turns).

Bronimir the Insei (Gnoll Transmuter)               Turns: 3983, Time: 00:13:04

Health: -2/47      AC: -3    Str: 15    XL:     6   Next: 84%
Magic:  13/14      EV: 15    Int: 18    God:    Wu Jian [......]
Gold:   173        SH:  0    Dex: 15    Spells: 5/15 levels left

rFire    . . .     SeeInvis .   w - +3 whip "Sieg" {flame, rPois rC+ MR- Int+3}
rCold    + . .     Gourm    .   (no shield)
rNeg     . . .     Faith    .   b - +0 robe
rPois    +         Spirit   .   (no helmet)
rElec    .         Reflect  .   f - +1 cloak
rCorr    .         Harm     .   (no gloves)
MR       .....                  (no boots)
Stlth    ++........             (no amulet)
HPRegen  0.15/turn              (no ring)
MPRegen  0.14/turn              (no ring)

@: corroded
A: distributed training, fangs 1, strong nose
a: Renounce Religion


You were on level 5 of the Dungeon.
You worshipped Wu Jian.
Wu Jian was noncommittal.
You were not hungry.

You visited 2 branches of the dungeon, and saw 6 of its levels.

You collected 173 gold pieces.

Inventory:

Hand Weapons
 w - the +3 whip "Sieg" (weapon) {flame, rPois rC+ MR- Int+3}
   (You found it on level 4 of the Dungeon)

   It has been specially enchanted to burn those struck by it, causing extra
   injury to most foes and up to half again as much damage against particularly
   susceptible opponents.
   It affects your intelligence (+3).
   It protects you from cold.
   It protects you from poison.
   It affects your resistance to hostile enchantments.
Missiles
 a - 7 arrows
 j - 47 sling bullets
 m - 106 stones (quivered)
 o - 34 bolts
 r - 19 poisoned darts
Armour
 b - a +0 robe (worn)
 f - a +1 cloak (worn)
Jewellery
 c - an uncursed ring of poison resistance {unknown}
Scrolls
 e - 5 scrolls of teleportation {unknown}
 h - a scroll of enchant weapon {unknown}
 i - 2 scrolls of enchant armour {unknown}
 l - a scroll of blinking {unknown}
 p - 2 scrolls of identify {unknown}
 s - a scroll of remove curse {unknown}
 t - a scroll of amnesia {unknown}
 u - a scroll of fear {unknown}
Potions
 g - a potion of heal wounds {unknown}
 k - a potion of degeneration {unknown}
 n - 2 potions of curing {unknown}
 q - a potion of berserk rage {unknown}
Comestibles
 d - 7 rations


   Skills:
 + Level 3.3 Fighting
 + Level 2.1 Short Blades
 + Level 2.1 Long Blades
 + Level 2.1 Axes
 + Level 2.1 Maces & Flails
 + Level 2.1 Polearms
 + Level 2.1 Staves
 + Level 2.1 Slings
 + Level 2.1 Bows
 + Level 2.1 Crossbows
 + Level 2.1 Throwing
 + Level 2.1 Armour
 + Level 5.0 Dodging
 + Level 2.1 Stealth
 + Level 2.1 Shields
 + Level 6.9 Unarmed Combat
 + Level 5.4 Spellcasting
 + Level 1.6 Conjurations
 + Level 1.6 Hexes
 + Level 1.6 Charms
 + Level 1.6 Summonings
 + Level 1.6 Necromancy
 + Level 1.6 Translocations
 + Level 4.1 Transmutations
 + Level 1.6 Fire Magic
 + Level 1.6 Ice Magic
 + Level 1.6 Air Magic
 + Level 1.6 Earth Magic
 + Level 1.6 Poison Magic
 + Level 2.3 Invocations
 + Level 2.1 Evocations


You had 5 spell levels left.
You knew the following spells:

 Your Spells              Type           Power        Failure   Level  Hunger
a - Beastly Appendage     Tmut           ###...       2%          1    None
b - Sticks to Snakes      Tmut           ###.....     3%          2    #......
c - Spider Form           Tmut/Pois      ###.......   12%         3    ##.....
d - Ice Form              Ice/Tmut       ###.....     36%         4    ####...

Your spell library contained the following spells:

 Spells                   Type           Power        Failure   Level  Hunger
 Blade Hands              Tmut           ###.......   54%         5    ######.


Dungeon Overview and Level Annotations

Branches:
Dungeon (5/15)             Temple (1/1) D:4

Altars:
Ashenzari
Fedhas
Gozag
Hepliaklqana
Kikubaaqudgha
Makhleb
Qazlal
Uskayaw
Vehumet
Wu Jian
Xom
Yredelemnul
Zin
The Shining One


Innate Abilities, Weirdness & Mutations

Your experience applies equally to all skills.
You have very sharp teeth.
Your uncanny sense of smell can sniff out nearby items.


Message History

You are too injured to fight recklessly!
You completely miss the jelly. The jelly hits you.
You are splashed with acid.
* * * LOW HITPOINT WARNING * * *
You hit the jelly but do no damage.
Your hands burn!
* * * LOW HITPOINT WARNING * * *
You bite the jelly, but do no damage. The jelly barely misses you.
You hit the jelly. You burn the jelly.
Your hands burn!
* * * LOW HITPOINT WARNING * * *
You bite the jelly, but do no damage.
The jelly is moderately wounded.
Your ball python bites the jelly.
Your ball python is burned by acid!
Your ball python withers and dies!
Your ball python bites the jelly.
Your ball python is burned by acid!
Your ball python withers and dies!
The jelly hits you.
* * * LOW HITPOINT WARNING * * *
The acid corrodes you!
You are splashed with acid.
* * * LOW HITPOINT WARNING * * *
You barely miss the phantom. The phantom hits you.
You die...

.!......#
........#
........#
#......#
+......##
#.......# #..##
##J..#####
#.@......#
#.W......#
#........#
#?.......#
#........#
+........#
#........#
#........#
#........#####.


You could see a phantom and a jelly.

Vanquished Creatures
  A phantom (D:3)
  3 hounds (D:4)
  Natasha (thrice) (D:3)
  An iguana (D:4)
  A gnoll (D:1)
  3 adders
  2 oozes
  3 worms
  5 dart slugs
  A leopard gecko (D:3)
  5 bats
  3 giant cockroaches
  11 goblins
  9 hobgoblins
  4 jackals (D:3)
  2 quokkas (D:2)
  3 frilled lizards
  10 kobolds
  9 rats
79 creatures vanquished.

Vanquished Creatures (others)
  An orc (D:4)
1 creature vanquished.

Grand Total: 80 creatures vanquished

Notes
Turn   | Place    | Note
-------+----------+-------------------------------------------
     0 | D:1      | Bronimir the Gnoll Transmuter began the quest for the Orb.
     0 | D:1      | Reached XP level 1. HP: 17/17 MP: 6/6
   189 | D:1      | Reached XP level 2. HP: 22/23 MP: 7/7
   313 | D:1      | Reached XP level 3. HP: 22/28 MP: 9/9
   315 | D:1      | Reached skill level 5 in Spellcasting
   320 | D:1      | Learned a level 2 spell: Sticks to Snakes
   324 | D:1      | Learned a level 3 spell: Spider Form
  1064 | D:2      | Reached skill level 1 in Invocations
  1190 | D:2      | Reached skill level 1 in Short Blades
  1190 | D:2      | Reached skill level 1 in Long Blades
  1190 | D:2      | Reached skill level 1 in Axes
  1190 | D:2      | Reached skill level 1 in Maces & Flails
  1190 | D:2      | Reached skill level 1 in Polearms
  1190 | D:2      | Reached skill level 1 in Staves
  1190 | D:2      | Reached skill level 1 in Slings
  1190 | D:2      | Reached skill level 1 in Bows
  1190 | D:2      | Reached skill level 1 in Crossbows
  1190 | D:2      | Reached skill level 1 in Throwing
  1190 | D:2      | Reached skill level 1 in Armour
  1190 | D:2      | Reached skill level 1 in Stealth
  1190 | D:2      | Reached skill level 1 in Shields
  1190 | D:2      | Reached skill level 1 in Evocations
  1236 | D:2      | Reached XP level 4. HP: 31/34 MP: 11/11
  1882 | D:3      | Reached skill level 1 in Conjurations
  1882 | D:3      | Reached skill level 1 in Hexes
  1882 | D:3      | Reached skill level 1 in Charms
  1882 | D:3      | Reached skill level 1 in Summonings
  1882 | D:3      | Reached skill level 1 in Necromancy
  1882 | D:3      | Reached skill level 1 in Translocations
  1882 | D:3      | Reached skill level 1 in Fire Magic
  1882 | D:3      | Reached skill level 1 in Ice Magic
  1882 | D:3      | Reached skill level 1 in Air Magic
  1882 | D:3      | Reached skill level 1 in Earth Magic
  1882 | D:3      | Reached skill level 1 in Poison Magic
  2033 | D:3      | Noticed a phantom
  2059 | D:3      | Killed a phantom
  2059 | D:3      | Reached XP level 5. HP: 24/41 MP: 6/12
  2192 | D:3      | Found a shattered altar of Ashenzari.
  2273 | D:3      | Noticed Natasha
  2277 | D:3      | Killed Natasha
  2490 | D:3      | Noticed Natasha
  2503 | D:3      | Killed Natasha
  2503 | D:3      | Reached XP level 6. HP: 21/47 MP: 11/13
  2701 | D:3      | Noticed Natasha
  2709 | D:3      | Killed Natasha
  2892 | D:4      | Found a staircase to the Ecumenical Temple.
  2930 | Temple   | Entered the Ecumenical Temple
  3044 | Temple   | Became a worshipper of the Wu Jian Council
  3127 | D:4      | Found an ancient bone altar of Kikubaaqudgha.
  3228 | D:4      | Learned a level 4 spell: Ice Form
  3233 | D:4      | Reached skill level 5 in Dodging
  3253 | D:4      | Got an iridescent whip
  3254 | D:4      | Identified the +3 whip "Sieg" {flame, rPois rC+ MR- Int+3}
                  | (You found it on level 4 of the Dungeon)
  3944 | D:5      | Entered Level 5 of the Dungeon
  3956 | D:5      | Noticed a phantom
  3980 | D:5      | HP: 2/47 [acid (6)]
  3983 | D:5      | Slain by a phantom

Levels and vault maps discovered:
D:1:      matt_arrival_spirals, layout_loops_ring, minmay_strange_pillars
D:2:      layout_basic
D:3:      cheibrodos_greedy_goblins, layout_loops_ring,
          minmay_misc_feat_pillars, ashenzari_altar_1, uniq_natasha
D:4:      layout_loops_ring, lemuel_round_altar, minmay_temple_entry_mist,
          lemuel_flame_loot_1
D:5:      layout_basic, first_ration, serial_shops, shop_statue
Temple:   minmay_temple_bridge_abc

Skill      XL: |  1  2  3  4  5  6 |
---------------+-------------------+-----
Spellcasting   | 5 |  5.4
Invocations    | 1 2 |  2.3
Short Blades   | 1 2 |  2.1
Long Blades    | 1 2 |  2.1
Axes           | 1 2 |  2.1
Maces & Flails | 1 2 |  2.1
Polearms       | 1 2 |  2.1
Staves         | 1 2 |  2.1
Slings         | 1 2 |  2.1
Bows           | 1 2 |  2.1
Crossbows      | 1 2 |  2.1
Throwing       | 1 2 |  2.1
Armour         | 1 2 |  2.1
Stealth        | 1 2 |  2.1
Shields        | 1 2 |  2.1
Evocations     | 1 2 |  2.1
Conjurations   | 1 |  1.6
Hexes          | 1 |  1.6
Charms         | 1 |  1.6
Summonings     | 1 |  1.6
Necromancy     | 1 |  1.6
Translocations | 1 |  1.6
Fire Magic     | 1 |  1.6
Ice Magic      | 1 |  1.6
Air Magic      | 1 |  1.6
Earth Magic    | 1 |  1.6
Poison Magic   | 1 |  1.6
Fighting       | 3 |  3.3
Transmutations | 4 |  4.1
Dodging        | 5 |  5.0
Unarmed Combat | |  6.9

Action                   |  1- 3 |  4- 6 || total
-------------------------+-------+-------++-------
Melee: Unarmed           |    71 |   133 ||   204
       Bite              |     5 |    13 ||    18
       Punch             |     2 |     2 ||     4
       Kick              |     2 |       ||     2
       Whip              |       |    28 ||    28
Throw: Stone             |       |    22 ||    22
 Cast: Beastly Appendage |     1 |     1 ||     2
       Sticks to Snakes  |       |     5 ||     5
       Spider Form       |       |     1 ||     1
Invok: Lunge             |       |     2 ||     2
 Stab: Sleeping          |     3 |     4 ||     7
  Eat: Chunk             |     1 |     5 ||     6
       Ration            |       |     1 ||     1
Armor: Robe              |    13 |    20 ||    33
Dodge: Dodged            |    39 |   116 ||   155
